AoeStats
← Caspernikov

Golden Pit

510165820Analyzed
1v1 RM · 3d ago on Sep 29, 2026· 60m 21s· 2 players
Game mode
Random Map
Map size
Tiny (2 player)
Population
200
Speed
Normal
Resources
Standard
Victory
Conquest
Starting age
Dark Age
Ending age
Imperial Age
RankedLock teamsTeams togetherTeam positionsShared explorationLock speedFull tech treeHidden civsTurbo modeCheats
Victory
Defeat
🇳🇱 Chinese · Netherlands
518
+16
🇳🇱 Magyars · Netherlands
514
-16
Caspernikov
9:19 Loom
12:44 Feudal Age
13:06 Horse Collar
13:13 Double-Bit Axe
17:56 Man-at-Arms
19:01 Fletching
20:19 Gold Mining
21:47 Wheelbarrow
21:52 Scale Mail Armor
22:41 Padded Archer Armor
28:22 Castle Age
29:32 Bodkin Arrow
31:28 Elite Skirmisher
32:36 Pikeman
32:46 Long Swordsman
34:48 Leather Archer Armor
35:52 Chain Mail Armor
36:17 Thumb Ring
36:35 Heavy Plow
38:22 Hand Cart
38:20 Bow Saw
39:22 Gold Shaft Mining
39:06 Bloodlines
41:45 Corvinian Army
46:08 Imperial Age
45:03 Stone Mining
48:28 Light Cavalry
49:37 Parthian Tactics
53:20 Two-Man Saw
52:55 Crop Rotation
57:57 Scale Barding Armor
GladniVuk
0:41 Loom
10:08 Feudal Age
11:50 Double-Bit Axe
12:05 Horse Collar
17:00 Fletching
20:28 Gold Mining
21:09 Stone Mining
22:43 Wheelbarrow
22:34 Padded Archer Armor
28:14 Castle Age
29:19 Hand Cart
34:31 Thumb Ring
33:48 Crossbowman
33:57 Pikeman
34:37 Squires
37:18 Imperial Age
39:06 Bow Saw
38:59 Heavy Plow
39:00 Arbalester
40:07 Sappers
39:58 Elite Chu Ko Nu
42:09 Great Wall
48:47 Elite Skirmisher
49:28 Bodkin Arrow
49:48 Leather Archer Armor
49:35 Scale Mail Armor
49:46 Forging
49:29 Town Watch
49:38 Guard Tower
50:09 Ballistics
51:17 Town Patrol
51:24 Elite Fire Lancer
51:26 Halberdier
Connection lost

Rejoining the realm…

Still unreachable

The connection could not be restored.

Session expired

The server has moved on; the page needs a fresh start.